 Dungeon Crawl Stone Soup version 0.18.1-48-g4cf74bf (webtiles) character file.

1873 Gargoyl the Protected (level 8, 0/64 HPs)
             Began as a Demonspawn Abyssal Knight on Sept 4, 2016.
             Was a Priest of Lugonu.
             Slain by an orc warrior
             ... wielding a +2 halberd of venom
              (10 damage)
             ... on level 7 of the Dungeon.
             The game lasted 00:15:39 (7413 turns).

Gargoyl the Protected (Demonspawn Abyssal Knight)   Turns: 7413, Time: 00:15:40

Health: 0/64       AC: 14    Str: 15    XL:     8   Next: 91%
Magic:  9/9        EV:  8    Int: 14    God:    Lugonu [***...]
Gold:   310        SH:  0    Dex: 12    Spells: 0 memorised, 7 levels left

rFire  + . .     SeeInvis .     p - +2 spear (venom)
rCold  . . .     Gourm    .     n - +2 chain mail {MR+}
rNeg   . . .     Faith    .     (no shield)
rPois  .         Spirit   .     D - +2 hat
rElec  .         Dismiss  .     (no cloak)
rCorr  .         Reflect  .     (no gloves)
SustAt .         Harm     .     (no boots)
MR     +....                    (no amulet)
Stlth  ..........               (no ring)
                                g - ring of protection from fire

@: somewhat resistant to hostile enchantments, extremely unstealthy
A: antennae 1, demonic guardian 2
a: Depart the Abyss, Bend Space, Banish, Renounce Religion


You were on level 7 of the Dungeon.
You worshipped Lugonu.
Lugonu was most pleased with you.
You were hungry.

You visited 1 branch of the dungeon, and saw 7 of its levels.
You visited the Abyss 1 time.
You also visited: Ossuary.

You collected 310 gold pieces.

Inventory:

Hand Weapons
 a - a +1 hand axe
 p - a +2 spear of venom (weapon)
Missiles
 m - 8 javelins (quivered)
Armour
 n - a +2 chain mail of magic resistance (worn)
 D - a +2 hat (worn)
Jewellery
 g - a ring of protection from fire (left hand)
Wands
 h - a wand of iceblast (7/15)
 B - a wand of heal wounds (3/9)
 F - a wand of heal wounds (5/9)
Scrolls
 e - a scroll of amnesia
 i - 3 scrolls of recharging
 j - 3 scrolls of immolation {unknown}
 q - a scroll of teleportation
 t - a scroll of remove curse
 x - a scroll of noise {unknown}
 y - 2 scrolls of fear {unknown}
 C - a scroll of identify
Potions
 b - 2 potions of agility {unknown}
 f - a potion of curing
 k - 2 potions of resistance {unknown}
 l - 3 potions of lignification {unknown}
 o - 12 potions of degeneration {unknown}
 s - 5 potions of flight
 v - a potion of invisibility {unknown}
 w - a potion of mutation {unknown}
Books
 A - a Young Poisoner's Handbook

   Spells                             Type                      Level
   a - Sting                          Conjuration/Poison           1
   b - Cure Poison                    Poison                       2
   c - Mephitic Cloud                 Conjuration/Poison/Air       3
   d - Olgreb's Toxic Radiance        Poison                       4
   e - Venom Bolt                     Conjuration/Poison           5
Comestibles
 c - 3 bread rations
 d - a royal jelly
 r - a beef jerky
 u - 3 meat rations


   Skills:
 + Level 5.7 Fighting
 + Level 3.7(4.1) Axes
 + Level 2.2(3.3) Polearms
 * Level 8.0 Armour
 + Level 3.1 Dodging
 + Level 1.3 Stealth
 + Level 2.6 Invocations


You had 7 spell levels left.
You didn't know any spells.

Dungeon Overview and Level Annotations

Branches:
Dungeon (7/15)             Temple (0/1) D:6

Altars:
Qazlal
Yredelemnul
Zin
The Shining One

Annotations:
D:4 MartinW's ghost, amateur HOFi


Innate Abilities, Weirdness & Mutations

You have a pair of small antennae on your head.
A demonic guardian rushes to your aid.


Message History

The orc warrior is moderately wounded.
The orc warrior hits you from afar with a halberd of venom!!
* * * LOW HITPOINT WARNING * * *
You are lethally poisoned!
* * * LOW HITPOINT WARNING * * *
You feel very sick.
* * * LOW HITPOINT WARNING * * *
You feel sick.
* * * LOW HITPOINT WARNING * * *
You feel very sick.
There is a large open door here.
Drink which item? (? for menu, Esc to quit)
You feel better.
The orc warrior hits you from afar with a halberd of venom!
* * * LOW HITPOINT WARNING * * *
You are lethally poisoned!
Drink which item? (? for menu, Esc to quit)
You feel better.
The orc warrior hits you from afar with a halberd of venom!
You die...

≈≈≈.P..####...####..P......
≈≈....#..#...#..#.........
..)..#..#...#..)...####..
## #..##'#...####...#
#..#........))))....+
#..)........)).)....####
####.......#####o.......
........####...#.........
.....♣..♣#>.#[..@..........
......♣###..))..'..........
....♣###...#########PPP....
♣P♣.##....## P..PP..
+♣.♣#...### P♣.♣. #..## ♣.♣
####.## ♣♣ ##.....#
#...#.##


You could see an orc warrior.

Vanquished Creatures
  Pikel (D:5)
  Sigmund (D:5)
  Eustachio (D:5)
  Menkaure (D:5)
  Duvessa (D:6)
  A big kobold (D:7)
  Dowan (D:5)
  2 scorpions
  A centaur zombie (Ossuary)
  3 crimson imps (D:6)
  A human zombie (Ossuary)
  An orc wizard (D:5)
  A big kobold zombie (Ossuary)
  2 hound skeletons
  5 mummies (Ossuary)
  A gnoll (D:7)
  6 adders
  An ooze (D:3)
  3 worms
  An adder skeleton (D:7)
  A dart slug (D:2)
  A giant gecko (D:1)
  7 orcs
  A gnoll zombie (Ossuary)
  4 hobgoblins
  13 jackals
  8 kobolds
  A quokka (D:3)
  A ball python (D:2)
  5 bats
  8 giant newts
  6 goblins
  3 orc zombies (Ossuary)
  9 rats
103 creatures vanquished.

Vanquished Creatures (collateral kills)
  2 orc warriors (D:7)
  An ogre (D:7)
  A centaur zombie (Ossuary)
  4 gnoll shamans (D:7)
  7 gnolls (D:7)
  2 orcs (D:7)
17 creatures vanquished.

Vanquished Creatures (others)
  An orc wizard (D:5)
  A gnoll shaman (D:4)
  A worker ant zombie (D:5)
  2 gnolls (D:4)
  2 orcs (D:5)
7 creatures vanquished.

Grand Total: 127 creatures vanquished

Notes
Turn   | Place    | Note
--------------------------------------------------------------
     0 | Abyss:1  | Gargoyl the Demonspawn Abyssal Knight began the quest for the Orb.
     0 | Abyss:1  | Reached XP level 1. HP: 18/18 MP: 2/2
    49 | Abyss:1  | Found a corrupted altar of Lugonu.
   239 | Abyss:3  | Found a corrupted altar of Lugonu.
   290 | Abyss:3  | Noticed a starcursed mass
   294 | Abyss:3  | Noticed a neqoxec
   295 | D:1      | Escaped the Abyss
   843 | D:1      | Reached skill level 1 in Dodging
  1052 | D:1      | Gained mutation: A weak demonic guardian rushes to your aid. [demonic ancestry]
  1052 | D:1      | Reached XP level 2. HP: 24/24 MP: 3/3
  1279 | D:1      | Reached * piety under Lugonu
  1500 | D:1      | Reached skill level 2 in Armour
  1584 | D:1      | You fall through a shaft!
  1632 | D:2      | Reached XP level 3. HP: 21/29 MP: 4/4
  2567 | D:2      | Found a stormy altar of Qazlal.
  2800 | D:2      | Reached XP level 4. HP: 37/37 MP: 5/5
  3042 | D:3      | Reached ** piety under Lugonu
  3109 | D:3      | Found a glowing silver altar of Zin.
  3330 | D:3      | Reached skill level 3 in Armour
  3330 | D:3      | Reached XP level 5. HP: 42/42 MP: 6/6
  3402 | D:3      | Found a faded altar to an unknown god.
  3588 | D:3      | Found a glowing golden altar of the Shining One.
  3736 | D:3      | Found a basalt altar of Yredelemnul.
  3821 | D:4      | Noticed MartinW's ghost (amateur HOFi)
  3855 | D:5      | Entered Level 5 of the Dungeon
  3855 | D:5      | Noticed Pikel
  3855 | D:5      | Noticed a slave
  3862 | D:5      | Noticed a slave
  3865 | D:5      | Noticed a slave
  3869 | D:5      | Noticed a slave
  3880 | D:5      | Killed Pikel
  3880 | D:5      | Reached skill level 1 in Polearms
  3880 | D:5      | Reached skill level 5 in Armour
  3880 | D:5      | Gained mutation: You have a pair of small antennae on your head. [demonic ancestry]
  3880 | D:5      | Reached XP level 6. HP: 43/49 MP: 7/7
  3880 | D:5      | Reached XP level 7. HP: 49/55 MP: 8/8
  4167 | D:5      | Found a sand-covered staircase.
  4175 | Ossuary  | Entered an ossuary
  5069 | D:5      | Noticed Dowan
  5082 | D:5      | Killed Dowan
  5082 | D:5      | Reached skill level 6 in Armour
  5084 | D:5      | Noticed Duvessa
  5090 | D:5      | Noticed Menkaure
  5102 | D:6      | Killed Duvessa
  5152 | D:5      | Killed Menkaure
  5152 | D:5      | Gained mutation: A demonic guardian rushes to your aid. [demonic ancestry]
  5152 | D:5      | Reached XP level 8. HP: 34/61 MP: 9/9
  5597 | D:5      | Noticed Eustachio
  5599 | D:5      | Noticed Sigmund
  5608 | D:5      | Killed Eustachio
  5619 | D:5      | Killed Sigmund
  5619 | D:5      | Reached skill level 5 in Fighting
  5619 | D:5      | Reached skill level 7 in Armour
  6087 | D:6      | Found a staircase to the Ecumenical Temple.
  6305 | D:6      | Reached skill level 1 in Stealth
  6863 | D:7      | Reached *** piety under Lugonu
  7394 | D:7      | Reached skill level 8 in Armour
  7413 | D:7      | Slain by an orc warrior

Skill      XL: |  1  2  3  4  5  6  7  8 |
---------------+-------------------------+-----
Dodging        | 1 2 3 |  3.1
Armour         | 2 3 5 6 8 |  8.0
Axes           | 2 3 |  3.7
Fighting       | 4 5 |  5.7
Polearms       | 1 2 |  2.2
Stealth        | 1 |  1.3
Invocations    | |  2.6

Action                   |  1- 3 |  4- 6 |  7- 9 || total
-------------------------+-------+-------+-------++-------
Melee: Hand axe          |    32 |    60 |   126 ||   218
       Spear             |   101 |    36 |   171 ||   308
Invok: Depart the Abyss  |     1 |       |       ||     1
  Use: Potion            |     1 |     4 |     4 ||     9
       Scroll            |       |    10 |       ||    10
 Stab: Sleeping          |     1 |       |       ||     1
       Distracted        |       |       |     1 ||     1
  Eat: Chunk             |     6 |     3 |     4 ||    13
       Pizza             |       |       |     2 ||     2
       Bread ration      |       |       |     1 ||     1
Armor: Leather armour    |    21 |       |       ||    21
       Chain mail        |    35 |    85 |   145 ||   265
Dodge: Dodged            |    55 |    34 |    86 ||   175
